 Dungeon Crawl Stone Soup version 0.31-a0-675-g238779eb0a (webtiles) character file.

Game seed: 16226904931583423266

1075 lunkers the Martial Artist (level 8, -1/88 HPs)
             Began as a Meteoran Shapeshifter on Aug 31, 2023.
             Slain by a gnoll sergeant
             ... wielding a +0 trident of flaming
              (4 damage)
             ... on level 5 of the Dungeon on Sept 5, 2023.
             The game lasted 00:05:37 (2252 turns).

lunkers the Martial Artist (Meteoran Shapeshifter)  Turns: 2252, Time: 00:05:38

Health: -1/88      AC: 10    Str: 15    XL:     8   Next: 84%
Magic:  9/9        EV: 10    Int: 12    God:
Gold:   259        SH:  0    Dex: 21    Spells: 7/7 levels left

rFire   . .          .
                       - Unarmed
rCold   . . .        (shield currently unavailable)
rNeg    . . .        j - +1 scale mail of Polish {rCorr Dex+5}
rPois   .            (no helmet)
rElec   .            s - +2 cloak
rCorr   +            (no gloves)
SInv    .            (no boots)
Will    +....        (no amulet) Stlth
                     u - +4 ring of slaying
HPRegen 0.34/turn    (no ring)
MPRegen 0.11/turn

%: no passive effects
@: berserking, flux-form, glowing, very quick
A: glow, contaminating, sense surroundings 1, otherworldly, glowing, explore
regen
a: Begin Untransformation


You were on level 5 of the Dungeon.
You were something dangerously unstable.
You visited 1 branch of the dungeon, and saw 5 of its levels.

You collected 259 gold pieces.

Inventory:

Armour
 j - the +1 scale mail of Polish (worn) {rCorr Dex+5}
   (You found it on level 2 of the Dungeon)

   Dex+5:     It affects your dexterity (+5).
   rCorr:     It protects you from acid and corrosion.
 m - a scarf of shadows
 s - a +2 cloak (worn)
Jewellery
 u - a +4 ring of slaying (left hand)
Talismans
 c - a beast talisman
 d - a flux talisman (active)
Wands
 b - a wand of polymorph (21)
Scrolls
 e - a scroll of silence {unknown}
 f - a scroll of fog {unknown}
 g - a scroll of teleportation
 h - 2 scrolls of enchant weapon
 i - a scroll of poison {unknown}
 l - a scroll of noise {unknown}
 n - 2 scrolls of identify
 o - a scroll of brand weapon {unknown}
 p - a scroll of blinking {unknown}
 t - a scroll of immolation {unknown}
Potions
 a - a potion of ambrosia {unknown}
 k - a potion of brilliance
 r - a potion of invisibility
 v - a potion of curing


   Skills:
 - Level 1.1 Fighting
 - Level 2.1 Dodging
 * Level 9.9 Unarmed Combat
 + Level 7.0 Shapeshifting


You had 7 spell levels left.
You didn't know any spells.
Your spell library contained the following spells:

 Spells                   Type           Power      Damage    Failure   Level
 Sting                    Tmut/Pois      0%         1d3       80%         1
 Poisonous Vapours        Pois/Air       0%         N/A       91%         2
 Olgreb's Toxic Radiance  Pois           0%         N/A       100%        4


Dungeon Overview and Level Annotations

Branches:
Dungeon (5/15) Zot: 784
 Temple: D:4-7

Altars:
Nemelex Xobeh

Shops:
D:1 [   D:2 ?   D:5 [


Innate Abilities, Weirdness & Mutations

You are something dangerously unstable.
You glow with magical radiation, making you easy to see and hit.
Foes you strike become dangerously contaminated with magical radiation.
You are incapable of wielding weapons or throwing items.
You passively map a small area around you.
You are easily found by Zot.
You glow in the dark.
You regain HP and MP as you explore.


Message History

The gnoll sergeant hits you from afar with a +0 trident of flaming!
The gnoll sergeant burns you. The gnoll hits you but does no damage.
You punch the gnoll!
You kill the gnoll!
The gnoll hits you but does no damage. The gnoll misses you.
The gnoll sergeant hits you but does no damage.
You hit the gnoll.
The gnoll begins to glow.
The gnoll is lightly wounded.
The gnoll completely misses you. The gnoll barely misses you.
The gnoll sergeant hits you from afar with a +0 trident of flaming!
The gnoll sergeant burns you.
* * * LOW HITPOINT WARNING * * *
You punch the gnoll!
The gnoll begins to glow.
The gnoll is severely wounded.
The gnoll hits you with a +0 flail.
* * * LOW HITPOINT WARNING * * *
The gnoll hits you with a +0 flail!
* * * LOW HITPOINT WARNING * * *
The gnoll sergeant hits you from afar with a +0 trident of flaming!
* * * LOW HITPOINT WARNING * * *
The gnoll sergeant burns you.
* * * LOW HITPOINT WARNING * * *
You punch the gnoll!
The gnoll glows dangerously bright.
The gnoll is severely wounded.
Unknown command.
You hit the gnoll.
You kill the gnoll!
The gnoll sergeant closely misses you. The gnoll hits you with a +0 flail.
* * * LOW HITPOINT WARNING * * *
Unknown command.
A red film seems to cover your vision as you go berserk!
You feel yourself moving faster!
You feel mighty! The gnoll misses you. The gnoll sergeant barely misses you.
Unknown command.
Unknown command.
You hit the gnoll.
The gnoll glows dangerously bright.
The gnoll is severely wounded.
The gnoll closely misses you.
The gnoll sergeant hits you from afar with a +0 trident of flaming.
You die...

#.....## #......###
#........## ##†.......#
### ##.........###)###
##.....##...##....#
##.....####..##....####
.......# #...#.))....##
..........##....B.g....#
#.....##..#......g.....#
#.....##.......#...#####
#.)#...........##..# *
...##........... #...
##.###..........# ...#,*
#....#.........## .....
# .............# *#....
##..... , ,


You could see a gnoll sergeant and a gnoll (heavy contam).

Vanquished Creatures
  Grinder (D:4)
  Sigmund (D:4)
  Menkaure (D:4)
  Blork the orc (D:5)
  A scorpion (D:4)
  2 orc priests
  A hound (D:5)
  Crazy Yiuf (D:4)
  Jessica (D:3)
  2 iguanas (D:5)
  2 orc wizards
  5 gnolls
  5 adders
  2 worms
  4 dart slugs
  29 orcs
  8 endoplasms
  3 giant cockroaches
  3 hobgoblins
  8 jackals
  4 quokkas
  5 ball pythons
  4 bats
  7 goblins
  3 kobolds
  4 rats
108 creatures vanquished.

Notes
Turn   | Place    | Note
-------+----------+-------------------------------------------
     0 | D:1      | lunkers the Meteoran Shapeshifter began the quest for the
                  | Orb.
     0 | D:1      | Reached XP level 1. HP: 16/16 MP: 2/2
     4 | D:1      | Upgraded the game from 0.31-a0-662-g684573625c to
                  | 0.31-a0-675-g238779eb0a
    38 | D:1      | Reached XP level 2. HP: 14/23 MP: 3/3
    50 | D:1      | Reached skill level 4 in Unarmed Combat
   153 | D:1      | Reached XP level 3. HP: 17/28 MP: 4/4
   171 | D:1      | Found Tykhla's Antique Armour Shop.
   247 | D:1      | Reached XP level 4. HP: 35/35 MP: 5/5
   480 | D:2      | Reached skill level 5 in Unarmed Combat
   643 | D:2      | Identified the +1 scale mail of Polish {rCorr Dex+5}
   817 | D:2      | Found Vurusaot's Magic Scroll Boutique.
   905 | D:3      | Found a faded altar of an unknown god.
   941 | D:3      | Reached XP level 5. HP: 37/40 MP: 6/6
  1055 | D:3      | Noticed Jessica
  1061 | D:3      | Killed Jessica
  1136 | D:3      | Reached skill level 6 in Unarmed Combat
  1220 | D:3      | Reached XP level 6. HP: 38/47 MP: 7/7
  1249 | D:3      | Found a sparkling altar of Nemelex Xobeh.
  1382 | D:4      | Reached skill level 5 in Shapeshifting
  1389 | D:4      | Noticed Grinder
  1391 | D:4      | Paralysed by Grinder for 2 turns
  1408 | D:4      | Killed Grinder
  1409 | D:4      | Reached skill level 7 in Unarmed Combat
  1409 | D:4      | Reached XP level 7. HP: 51/52 MP: 8/8
  1485 | D:4      | Reached skill level 8 in Unarmed Combat
  1515 | D:4      | Found a runed translucent door.
  1516 | D:4      | Noticed Crazy Yiuf
  1525 | D:4      | Killed Crazy Yiuf
  1536 | D:4      | Identified the +3 hammer of the Distant Future {drain, Fly
                  | rF- SInv}
  1628 | D:4      | Noticed Sigmund
  1642 | D:4      | Killed Sigmund
  1643 | D:4      | Reached XP level 8. HP: 42/59 MP: 9/9
  1676 | D:4      | Noticed Menkaure
  1683 | D:4      | Killed Menkaure
  1684 | D:4      | Reached skill level 9 in Unarmed Combat
  2087 | D:5      | Entered Level 5 of the Dungeon
  2161 | D:5      | Noticed Blork the orc
  2167 | D:5      | Killed Blork the orc
  2200 | D:5      | Found Gynn's Armour Shoppe.
  2250 | D:5      | HP: 1/59 [gnoll/+0 flail[a gnoll sergeant] (6)]
  2252 | D:5      | Slain by a gnoll sergeant

Illustrated notes

Levels and vault maps discovered:
D:1:      amcnicky_arrival_underground_garden, layout_basic, serial_shops, shop,
          minmay_tromino_v4_c
D:2:      cheibrodos_old_hovel, layout_loops_corners, serial_shops,
          nicolae_shop_behind_doors, dreamdust_wishing_well, hex_large
D:3:      layout_loops_cross, mainiacjoe_overflow_six_doors_small,
          dreamdust_ecumenical_altar_statues, uniq_jessica
D:4:      layout_cave_pods, uniq_menkaure, uniq_grinder,
          uniq_crazy_yiuf_cottage, uniq_sigmund
D:5:      layout_cave_pools, grunt_temple_overflow_champion_of_chaos,
          minitemple, serial_shops, shop, shop, uniq_blork_the_orc

Skill      XL: |  1  2  3  4  5  6  7  8 |
---------------+-------------------------+-----
Unarmed Combat | 4 5 6 7 8 9 |  9.9
Shapeshifting  | 4 5 6 7 |  7.0
Fighting       | |  1.1
Dodging        | |  2.1

Action                     |  1- 3 |  4- 6 |  7- 9 || total
---------------------------+-------+-------+-------++-------
  Melee: Unarmed           |    58 |   119 |   117 ||   294
         Punch             |     5 |     2 |     2 ||     9
    Use: Potion            |       |     1 |     1 ||     2
         Scroll            |       |       |     6 ||     6
 Armour: Animal skin       |    25 |    17 |       ||    42
         Scale mail        |       |    40 |    90 ||   130
         Skin              |       |     5 |       ||     5
  Dodge: Dodged            |    35 |    49 |    65 ||   149
   Form: Flux              |       |       |     1 ||     1

Table legend: (Time is in decaauts)
 A = Elapsed time spent in this place.
 B = Non-inter-level travel time spent in this place.
 C = Inter-level travel time spent in this place.
 D = Time resting spent in this place.
 E = Time spent auto-exploring this place.
 F = Levels seen in this place.
 G = Mean time per level.
                   A        B        C        D        E       F      G
               +--------+--------+--------+--------+--------+-----+--------+
         Total |   2215 |   2126 |     89 |      0 |   1429 |   5 |  443.0 |
       Dungeon |   2215 |   2126 |     89 |      0 |   1429 |   5 |  443.0 |
               +--------+--------+--------+--------+--------+-----+--------+

Top non-repeatable levels by time:
     D:4: 649 daAuts
     D:3: 565 daAuts
     D:2: 481 daAuts
     D:1: 359 daAuts
     D:5: 159 daAuts
